AoeStats
← AiM | CyclopsTron

QS Arena

503712940Analyzed
3v3 RM · 1mo ago on Sep 1, 2026· 20m 37s· 6 players
Game mode
Random Map
Map size
Normal (6 player)
Population
200
Speed
Normal
Resources
Standard
Victory
Conquest
Starting age
Dark Age
Ending age
Imperial Age
RankedLock teamsTeams togetherTeam positionsShared explorationLock speedFull tech treeHidden civsTurbo modeCheats
Victory
Defeat
🇦🇷 Wei · Argentina
1569
+16
🇨🇱 Khitans · Chile
1515
+19
🇦🇷 Bohemians · Argentina
1467
+21
🇲🇽 Teutons · Mexico
1601
-20
🇲🇽 Lithuanians · Mexico
1581
-19
🇦🇷 Burmese · Argentina
1538
-17
Crosnay
7:44 Feudal Age
11:31 Castle Age
9:21 Double-Bit Axe
9:58 Horse Collar
12:02 Wheelbarrow
13:37 Bow Saw
AiM | CyclopsTron
3:46 Loom
6:12 Feudal Age
6:43 Double-Bit Axe
8:29 Fletching
GABO
7:55 Feudal Age
11:48 Castle Age
13:21 Loom
Danub
7:38 Feudal Age
9:14 Loom
12:16 Castle Age
10:50 Double-Bit Axe
11:52 Domestication
14:40 Bow Saw
17:17 Wheelbarrow
17:54 Town Watch
18:17 Gold Mining
19:06 Stone Mining
20:24 Pastoralism
Teutonio
8:53 Feudal Age
12:31 Castle Age
10:19 Double-Bit Axe
10:30 Horse Collar
20:41 Bow Saw
20:34 Heavy Plow
Ritiskiti
3:45 Loom
6:57 Feudal Age
9:45 Fletching
20:41 Double-Bit Axe
20:37 Horse Collar
Connection lost

Rejoining the realm…

Still unreachable

The connection could not be restored.

Session expired

The server has moved on; the page needs a fresh start.